 Dungeon Crawl Stone Soup version 0.31-a0-963-ga325b2283a (webtiles) character file.

Game seed: 4925608118992566828

596438 arthad the Sorcerer (level 26, -13/152 HPs)
             Began as a Deep Elf Earth Elementalist on Oct 24, 2023.
             Was the Champion of Vehumet.
             Killed from afar by a purple draconian shifter (27 damage)
             ... with a bolt of dispelling energy
             ... led by a white draconian stormcaller
             ... on level 5 of the Realm of Zot on Oct 25, 2023.
             The game lasted 04:13:37 (66563 turns).

arthad the Sorcerer (Deep Elf Earth Elementalist)  Turns: 66563, Time: 04:13:38

Health: -13/152    AC: 29    Str:  5    XL:     26   Next: 36%
Magic:  10/71      EV: 16    Int: 37    God:    Vehumet [******]
Gold:   5409       SH: 10    Dex: 20    Spells: 2/73 levels left

rFire   + . .        B - staff of the Sage {rF- rCorr Int+8 Earth}
rCold   + . .        C - +3 buckler {AC+3}
rNeg    . . .        Y - quicksilver dragon scales
rPois   +            c - +2 hood of the Assassin {Detect Stab+ Stlth++}
rElec   .            F - +2 cloak of Exiasub {rPois Regen+ Str-2 Dex+5}
rCorr   +            H - +2 pair of gloves of Ithrem {Fly rF+ MP+9 Int-2}
SInv    +            y - +2 pair of boots of the Fife {rC+ Will- MP+9}
Will    ++...        G - amulet of magic regeneration
Stlth   +++++++      n - ring of protection from fire
HPRegen 1.25/turn    h - ring of see invisible
MPRegen 0.82/turn

%: no passive effects
@: flying, unable to drink
A: no striking features
}: 3/15 runes: decaying, silver, gossamer
a: Renounce Religion


You were on level 5 of the Realm of Zot.
You worshipped Vehumet.
Vehumet was exalted by your worship.
You visited 9 branches of the dungeon, and saw 47 of its levels.
You visited the Abyss 1 time.
You visited 1 bazaar.
You also visited: Bailey.

You collected 9338 gold pieces.
You spent 3929 gold pieces at shops.

Inventory:

Hand Weapons
 Z - a +9 spectral eveningstar
Missiles
 f - 5 darts of dispersal
 j - 19 curare-tipped darts
 s - 6 throwing nets
 D - 48 poisoned darts
Armour
 c - the +2 hood of the Assassin (worn) {Detect Stab+ Stlth++}
   (You bought it in a shop on level 2 of the Orcish Mines)

   Detect:    It allows the wearer to sense nearby creatures.
   Stab+:     It allows the wearer to make particularly effective stabbing
   attacks against helpless or unaware enemies with any weapon.
   Stlth++:   It makes you much more stealthy.
 q - the +0 pair of fencer's gloves {Riposte Dex+3}
   (You found it on level 4 of the Lair of Beasts)

   Riposte:   It allows the wearer to riposte with melee weapons, swiftly
   retaliating against missed or blocked melee attacks.
   Dex+3:     It affects your dexterity (+3).
 y - the +2 pair of boots of the Fife (worn) {rC+ Will- MP+9}
   (You found it on level 3 of the Elven Halls)

   rC+:       It protects you from cold.
   Will-:     It decreases your willpower.
   MP+9:      It affects your magic capacity (+9).
 C - a +3 buckler of protection (worn)
 F - the +2 cloak of Exiasub (worn) {rPois Regen+ Str-2 Dex+5}
   (You acquired it on level 7 of the Dungeon)

   Str-2:     It affects your strength (-2).
   Dex+5:     It affects your dexterity (+5).
   rPois:     It protects you from poison Regen+: It increases your rate of
   health regeneration.
 H - the +2 pair of gloves of Ithrem (worn) {Fly rF+ MP+9 Int-2}
   (You acquired it on level 7 of the Dungeon)

   Int-2:     It affects your intelligence (-2).
   rF+:       It protects you from fire.
   MP+9:      It affects your magic capacity (+9).
   Fly:       It grants you flight.
 Y - quicksilver dragon scales (worn)
Magical Staves
 B - the staff of the Sage (weapon) {rF- rCorr Int+8 Earth}
   (You found it on level 5 of the Vaults)

   [staff of earth]

   Base accuracy: +5 Base damage: 5 Base attack delay: 1.2 This weapon's minimum
   attack delay (0.6) is reached at skill level 12.
   Int+8:     It affects your intelligence (+8).
   rF-:       It makes you vulnerable to fire.
   rCorr:     It protects you from acid and corrosion.
   Earth:     It increases the power of your Earth spells.
   It falls into the 'Staves' category.
   It is a one-handed weapon.
Jewellery
 h - a ring of see invisible (right hand)
 n - a ring of protection from fire (left hand)
 G - an amulet of magic regeneration (around neck)
 K - the ring of Xyixyowk {EV+5 Dex+2 Slay+2}
   (You acquired it on level 1 of the Realm of Zot)

   [ring of evasion]

   EV+5:      It affects your evasion (+5).
   Dex+2:     It affects your dexterity (+2).
   Slay+2:    It affects your accuracy & damage with ranged weapons and melee
   (+2).
 V - a ring of wizardry
Wands
 a - a wand of roots (16)
 i - a wand of digging (5)
 r - a wand of mindburst (29)
 x - a wand of quicksilver (7)
 M - a wand of paralysis (36)
 N - a wand of flame (122)
Scrolls
 b - 9 scrolls of enchant armour
 d - 5 scrolls of revelation
 e - 9 scrolls of enchant weapon
 g - 9 scrolls of amnesia
 k - 7 scrolls of poison
 l - 12 scrolls of immolation
 u - 9 scrolls of fog
 J - 3 scrolls of fear
 S - 3 scrolls of summoning
 T - 4 scrolls of silence
 U - 10 scrolls of teleportation
Potions
 m - 11 potions of ambrosia
 o - 18 potions of curing
 p - 3 potions of resistance
 t - 6 potions of might
 z - 5 potions of enlightenment
 A - 10 potions of brilliance
 I - 2 potions of magic
 L - 9 potions of heal wounds
 O - 4 potions of invisibility
 Q - 7 potions of mutation
 R - 5 potions of haste
 W - a potion of cancellation
Miscellaneous
 v - a tin of tremorstones (2/2)
 w - a phantom mirror
 P - a phial of floods
 X - a lightning rod (4/4)


   Skills:
 + Level 11.8 Fighting
 + Level 7.9 Maces & Flails
 + Level 11.2 Armour
 + Level 16.3 Dodging
 - Level 12.0 Stealth
 + Level 9.0 Shields
 * Level 24.4 Spellcasting
 * Level 20.5 Conjurations
 - Level 12.3 Hexes
 - Level 10.0 Translocations
 - Level 11.0 Transmutations
 * Level 15.7 Fire Magic
 * Level 21.0 Earth Magic
 + Level 4.2 Evocations


You had 2 spell levels left.
You knew the following spells:

 Your Spells              Type           Power      Damage    Failure   Level
a - Sandblast             Erth           100%       2d20      0%          1
b - Stone Arrow           Conj/Erth      100%       3d13      0%          3
c - Petrify               Tmut/Erth      100%       N/A       1%          4
d - Shatter               Erth           70%        3d51*     12%         9
e - Lee's Rapid Deconstr  Erth           70%        3d32*     0%          5
f - Bombard               Conj/Erth      70%        9d11      1%          6
g - Iskenderun's Mystic   Conj/Tloc      100%       2d19      1%          4
h - Leda's Liquefaction   Hex/Erth       65%        N/A       1%          4
i - Tukima's Dance        Hex            95%        N/A       1%          3
j - Lehudib's Crystal Sp  Conj/Erth      70%        10d16     1%          8
k - Gell's Gravitas       Tloc           87%        N/A       1%          3
l - Ignition              Fire           52%        3d14      7%          8
m - Yara's Violent Unrav  Hex/Tmut       46%        3d18      1%          5
n - Blink                 Tloc           100%       N/A       1%          2
o - Dispersal             Tloc           43%        N/A       6%          6

Your spell library contained the following spells:

 Spells                   Type           Power      Damage    Failure   Level
 Polar Vortex             Ice            22%        12d3*     100%        9
 Slow                     Hex            100%       N/A       0%          1
 Passwall                 Tmut/Erth      100%       N/A       0%          2
 Scorch                   Fire           100%       2d9       0%          2
 Apportation              Tloc           100%       N/A       1%          1
 Freeze                   Ice            100%       1d10      1%          1
 Kiss of Death            Conj/Necr      100%       2d13      1%          1
 Shock                    Conj/Air       100%       1d9       1%          1
 Sting                    Tmut/Pois      100%       1d8       1%          1
 Ensorcelled Hibernation  Hex/Ice        100%       N/A       1%          2
 Jinxbite                 Hex            100%       N/A       1%          2
 Poisonous Vapours        Pois/Air       90%        N/A       1%          2
 Wereblood                Tmut           91%        N/A       1%          2
 Summon Small Mammal      Summ           100%       N/A       2%          1
 Cigotuvi's Dreadful Rot  Necr/Pois/Air  90%        N/A       3%          2
 Dazzling Flash           Conj/Hex       100%       N/A       0%          3
 Inner Flame              Hex/Fire       99%        N/A       0%          3
 Brom's Barrelling Bould  Conj/Erth      100%       2d11      0%          4
 Flame Wave               Conj/Fire      100%       2d21      0%          4
 Sticky Flame             Conj/Fire      100%       2d11      0%          4
 Iskenderun's Battlesphe  Conj           100%       2d15      0%          5
 Confusing Touch          Hex            95%        N/A       1%          3
 Hailstorm                Conj/Ice       88%        3d18      1%          3
 Ignite Poison            Fire/Tmut/Pois 84%        N/A       1%          3
 Sigil of Binding         Hex            95%        N/A       1%          3
 Summon Guardian Golem    Hex/Summ       74%        N/A       1%          3
 Teleport Other           Tloc           87%        N/A       1%          3
 Volatile Blastmotes      Fire/Tloc      100%       2d18      1%          3
 Animate Armour           Summ/Erth      100%       N/A       1%          4
 Cause Fear               Hex            47%        N/A       1%          4
 Dimensional Bullseye     Hex/Tloc       45%        N/A       1%          4
 Manifold Assault         Tloc           87%        N/A       1%          4
 Arcjolt                  Conj/Air       44%        1d54      1%          5
 Borgnjor's Vile Clutch   Necr/Erth      55%        N/A       1%          5
 Fireball                 Conj/Fire      54%        3d21      1%          5
 Freezing Cloud           Conj/Ice/Air   38%        6-21      1%          5
 Irradiate                Conj/Tmut      52%        3d29      1%          5
 Conjure Ball Lightning   Conj/Air       44%        3x3d15    1%          6
 Starburst                Conj/Fire      54%        6d15      1%          6
 Orb of Destruction       Conj           57%        9d14      1%          7
 Frozen Ramparts          Ice            90%        1d14      2%          3
 Vhi's Electric Charge    Tloc/Air       100%       N/A       3%          4
 Plasma Beam              Fire/Air       40%        2x1d54    4%          6
 Metabolic Englaciation   Hex/Ice        37%        N/A       5%          5
 Silence                  Hex/Air        37%        N/A       5%          5
 Summon Mana Viper        Hex/Summ       74%        N/A       5%          5
 Olgreb's Toxic Radiance  Pois           45%        N/A       7%          4
 Alistair's Intoxication  Tmut/Pois      48%        N/A       7%          5
 Call Canine Familiar     Summ           45%        N/A       8%          3
 Ozocubu's Armour         Ice            45%        N/A       8%          3
 Swiftness                Air            45%        N/A       8%          3
 Summon Forest            Summ/Tloc      35%        N/A       9%          5
 Enfeeble                 Hex            47%        N/A       13%         7
 Animate Dead             Necr           45%        N/A       24%         4
 Dispel Undead            Necr           45%        3d17      24%         4
 Summon Lightning Spire   Summ/Air       45%        N/A       24%         4
 Fire Storm               Conj/Fire      54%        8d14      34%         9
 Discord                  Hex            47%        N/A       71%         8
 Death Channel            Necr           22%        N/A       98%         6
 Summon Cactus Giant      Summ           22%        N/A       98%         6
 Ozocubu's Refrigeration  Ice            22%        4d12      99%         7
 Haunt                    Necr/Summ      22%        N/A       100%        7
 Infestation              Necr           22%        N/A       100%        8
 Maxwell's Capacitive Co  Air            22%        ∞         100%        8
 Chain Lightning          Conj/Air       44%        3d58      100%        9


Dungeon Overview and Level Annotations

Branches:
Dungeon (15/15)            Temple (0/1) D:5            Lair (5/5) D:8
  Swamp (4/4) Lair:2       Spider (4/4) Lair:2        Slime (0/5) Lair:4
    Orc (2/2) D:12            Elf (3/3) Orc:2        Vaults (5/5) D:14
  Crypt (0/3) Vaults:2     Depths (4/4) D:15            Zot (5/5) Depths:4
 Bailey (visited)

Altars:
Ashenzari
Cheibriados
Gozag
Kikubaaqudgha
Nemelex Xobeh
Qazlal
Uskayaw
Vehumet
Xom
Zin
Jiyva

Shops:
D:5 (   D:7 :   D:12 [(   Orc:2 ?*(=[   Elf:1 =   Vaults:1 !   Vaults:4 [
Depths:4 ?

Portals:
Hell: Depths:1 Depths:2 Depths:3 Depths:4
Abyss: Depths:2* Depths:3
Pandemonium: Depths:1 Depths:2
Ziggurat: Depths:1

Annotations:
Vaults:1 Mennas
Depths:2 1 transporter, Nabras's ghost, veteran GnWn
Depths:3 Parghit


Message History

The black draconian knight gestures at you while chanting.
The bolt of cold hits you! You resist.
A tentacled monstrosity comes into view.
Casting: Ignition (dangerous; 7% risk of failure)
Confirm with . or Enter, or press ? or * to list all spells.
You don't have enough magic to cast this spell.
The orb of fire glows red.
The fireball explodes!
The fireball engulfs you!! You resist.
The black draconian breathes lightning at you.
The bolt of lightning hits the black draconian knight.
The black draconian knight completely resists.
The bolt of lightning hits you!!
* * * LOW HITPOINT WARNING * * *
The black draconian knight points at you and mumbles some strange words.
The shard of ice hits you! You partially resist.
* * * LOW HITPOINT WARNING * * *
Blink to where?
Press: ? - help, Dir - move target You enter a dispersal trap!
The black draconian blinks!
The black draconian knight blinks!
The black draconian blinks!
The Killer Klown blinks!
The black draconian knight blinks!
The Killer Klown blinks!
You blink.
As you read the scroll of blinking, it crumbles to dust.
The Killer Klown blinks!
You cannot drink potions in your current state!
Blink to where?
Press: ? - help, Dir - move target You enter a dispersal trap!
The black draconian blinks!
The Killer Klown blinks!
You blink.
As you read the scroll of blinking, it crumbles to dust.
The black draconian breathes lightning at you.
The bolt of lightning misses you.
The black draconian knight breathes lightning at you.
The bolt of lightning misses you.
The Killer Klown blinks!
Blink to where?
Press: ? - help, Dir - move target
As you read the scroll of blinking, it crumbles to dust.
The purple draconian shifter breathes dispelling energy at you.
The bolt of dispelling energy hits you!!
You die...

....).).............# ##........
......§^..p.........# #........
..§.§......(........# ##........
[.....§.............# #.........
.....)..§§q..^......# ##.........
..§...^......^..^...###..........
#.).....^...^......###...########
##...d*.......^...##....##
##......X......@.^^..###
▓▓..dqd##▓▓▓▓▓▓▓▓▓▓▓#
*▓........,,,,,,,****
*▓.........,,,,,,,,,,***
*..........,,,,,,,,,,,,**
,..........,,,,,,,,,,,,,* *******
,,,,,,,^,,,,,,,,,,,,,,,,***,,,,,,
*,,,,,,,,,,,,,,,,,,,,,,,**,,,,,,,
**,,,,^,,^,,,,,,,,^,,,,,*,^,,,,,,


You could see a Killer Klown, a tentacled monstrosity and a purple draconian
shifter (catching breath).

Vanquished Creatures
  A dread lich (Vaults:5)
  3 ancient liches
  2 orbs of fire
  Boris (thrice) (Vaults:2 Depths:1 Depths:4)
  3 Killer Klowns
  A caustic shrike (Depths:3)
  2 curse toes
  7 golden dragons
  4 electric golems
  A walking crystal tome (Depths:3)
  Zenata (Vaults:4)
  A walking earthen tome (Depths:1)
  3 liches
  Jorgrun (Swamp:3)
  10 Orb Guardians (Zot:5)
  15 tentacled monstrosities
  3 deep elf blademasters
  2 walking divine tomes (Depths:1)
  6 quicksilver dragons
  3 titans (Vaults:5)
  A walking frostbound tome (Depths:4)
  An acid blob (shapeshifter) (Vaults:1)
  2 deep elf master archers (Elf:3)
  8 sphinxes
  6 death cobs
  2 thorn hunters (Swamp:3)
  16 storm dragons
  Aizul (Vaults:1)
  Kirke (Spider:4)
  4 draconian monks
  10 fire giants
  11 shadow dragons
  12 tengu reavers
  A fenstrider witch (Swamp:4)
  3 narguns (Depths:1)
  5 draconian knights
  2 balrugs
  11 frost giants
  11 deep elf sorcerers
  A draconian shifter (Zot:4)
  A draconian scorcher (Zot:1)
  4 emperor scorpions
  9 ghost moths
  9 vault wardens
  2 ghouls (Swamp:4)
  An orc warlord (Orc:2)
  3 deep elf elementalists (Elf:3)
  A ghost moth (shapeshifter) (Elf:3)
  2 iron dragons
  22 ironbound preservers
  A curse skull (Vaults:2)
  A war gargoyle (Vaults:1)
  A reaper (Depths:4)
  6 draconian annihilators
  2 draconian stormcallers (Zot:5)
  14 ironbound thunderhulks
  13 stone giants
  2 broodmothers
  3 formless jellyfish
  5 green draconians
  8 very ugly things
  9 deep elf demonologists
  Nessos (Orc:2)
  7 white draconians
  7 deep elf annihilators
  5 dire elephants
  3 eleionomae
  A vampire knight (Depths:3)
  A spark wasp (shapeshifter) (Depths:3)
  9 black draconians
  10 purple draconians
  3 yellow draconians
  10 spark wasps
  A minotaur (D:14)
  2 bunyips
  5 red draconians
  13 deep elf death magi
  A fire dragon (shapeshifter) (Vaults:5)
  13 fire dragons
  4 entropy weavers
  2 great orbs of eyes (shapeshifter)
  10 ettins
  A shambling mangrove (Swamp:4)
  2 ice dragons
  6 deep elf high priests
  15 hydras
  16 yaktaur captains
  25 vault guards
  4 great orbs of eyes
  Harold (D:9)
  A salamander tyrant (Depths:3)
  3 rakshasas
  A peacekeeper (Vaults:1)
  16 ironbound frosthearts
  A jorogumo (Spider:3)
  4 spriggan air magi
  22 centaur warriors
  An anaconda (shapeshifter) (D:14)
  9 alligators
  5 ogre magi
  A radroach (Spider:3)
  Erica (Orc:1)
  15 two-headed ogres
  6 boulder beetles
  35 dancing weapons
  9 tengu warriors
  A death knight (Vaults:2)
  14 demonic crawlers
  4 vampire magi
  2 hell hogs (Depths:1)
  Urug (D:11)
  5 deep troll shamans
  3 deep troll earth magi
  6 spriggan berserkers
  An orc high priest (Orc:2)
  30 deep elf knights
  2 sun demons (Depths:1)
  24 hell knights
  3 soul eaters (Depths:1)
  7 iron trolls
  A sun moth (Spider:4)
  A skeletal warrior (Vaults:2)
  2 salamander mystics
  A shadow wraith (Vaults:5)
  6 pharaoh ants
  7 goliath frogs
  A sea snake (shapeshifter) (Vaults:5)
  5 large abominations
  6 spriggan druids
  13 orb spiders
  11 swamp dragons
  55 deep trolls
  5 glowing orange brains
  16 ironbound convokers
  19 lindwurms
  An obsidian statue (D:13)
  4 steelbarb worms
  20 deep elf archers
  2 phantasmal warriors
  37 deep elf pyromancers
  8 bog bodies
  11 necromancers
  7 arcanists
  A wolf spider (shapeshifter) (Vaults:5)
  7 harpies
  A steelbarb worm (shapeshifter) (Vaults:4)
  41 ugly things
  7 orc knights
  22 wolf spiders
  A salamander (shapeshifter) (Vaults:5)
  7 will-o-the-wisps
  42 deep elf zephyrmancers
  3 orc sorcerers
  An oklob plant (Swamp:1)
  8 cyclopes
  Maurice (D:11)
  7 salamanders
  2 manticores
  A guardian serpent (Lair:5)
  A moth of wrath (shapeshifter) (Depths:1)
  26 moths of wrath
  13 vault sentinels
  A torpor snail (shapeshifter) (Vaults:5)
  3 smoke demons
  12 black mambas
  12 torpor snails
  An eye of devastation (shapeshifter) (Vaults:1)
  10 cane toads
  2 gargoyles
  Psyche (D:11)
  13 komodo dragons
  4 unseen horrors
  3 rime drakes
  An efreet (D:12)
  3 tengu conjurers
  A freezing wraith (Vaults:4)
  2 kobold demonologists (D:12)
  21 yaktaurs
  A queen bee (Spider:3)
  6 trolls
  2 polar bears (D:8)
  8 tyrant leeches
  A tarantella (shapeshifter) (D:14)
  2 bloated husks
  Grinder (D:4)
  2 meliai (shapeshifter)
  3 meliai (Spider:3)
  31 tarantellas
  A hornet (shapeshifter) (Elf:2)
  18 hornets
  5 dream sheep (Lair:4)
  2 glass eyes
  A snapping turtle (shapeshifter) (D:14)
  A dream sheep (shapeshifter) (Depths:3)
  29 blink frogs
  30 jumping spiders
  Sigmund (D:2)
  5 air elementals
  15 slime creatures
  8 spriggans
  29 culicivoras
  2 wraiths
  A human (D:14)
  A shadow (D:12)
  3 fire elementals
  2 fire bats (Depths:3)
  6 water elementals
  55 yaks
  19 wyverns
  A hog (Spider:4)
  71 redbacks
  7 basilisks
  2 steam dragons
  A chaos spawn (Depths:3)
  A warg (shapeshifter) (D:13)
  15 vampire mosquitoes
  A naga (shapeshifter) (Vaults:5)
  10 swamp worms
  2 acid dragons
  3 wargs
  22 water moccasins
  43 orc warriors
  8 swamp drakes
  2 ice beasts
  2 sky beasts
  4 black bears
  11 ogres
  4 wolves
  5 boggarts
  14 centaurs
  4 kobold brigands
  Blork the orc (D:6)
  A phantom (D:5)
  8 small abominations (Depths:3)
  16 bullfrogs
  A gnoll sergeant (D:9)
  4 earth elementals
  2 scorpions
  10 wights
  25 killer bees
  3 howler monkeys
  9 electric eels
  4 crimson imps (D:10)
  A lava snake (Lair:4)
  4 hounds
  17 orc priests
  4 jellies
  A gnoll bouda (D:6)
  25 orc wizards
  An iguana (D:7)
  A statue (D:5)
  A centaur simulacrum (D:8)
  A killer bee simulacrum (D:8)
  13 gnolls
  12 adders
  A shadow imp (D:8)
  A howler monkey simulacrum (D:8)
  7 white imps
  3 ufetubi
  2 worms
  The ghost of PowderKeg the Sneak, a weakling FeDe (D:6)
  75 orcs
  5 bats
  6 endoplasms
  5 giant cockroaches
  5 goblins
  8 hobgoblins
  4 jackals (D:1)
  4 quokkas
  9 ball pythons
  2 frilled lizards
  15 kobolds
  7 rats
2081 creatures vanquished.

Vanquished Creatures (collateral kills)
  2 dire elephants (Vaults:2)
  A deep elf knight (Elf:1)
  An orc (Orc:1)
  2 boulders
6 creatures vanquished.

Vanquished Creatures (others)
  A fenstrider witch (Swamp:2)
  A swamp dragon (Swamp:2)
  A deep elf zephyrmancer (Elf:1)
  A slime creature (D:12)
  2 humans (Spider:4)
  A yak (D:12)
  A boulder (D:6)
  22 foxfires
30 creatures vanquished.

Grand Total: 2117 creatures vanquished

Notes
Turn   | Place    | Note
-------+----------+-------------------------------------------
     0 | D:1      | arthad the Deep Elf Earth Elementalist began the quest for
                  | the Orb.
     0 | D:1      | Reached XP level 1. HP: 10/10 MP: 6/6
   155 | D:1      | Reached XP level 2. HP: 15/15 MP: 4/8
  1230 | D:2      | Reached XP level 3. HP: 19/19 MP: 3/9
  1458 | D:2      | Noticed Sigmund
  1474 | D:2      | Killed Sigmund
  1475 | D:2      | Reached skill level 4 in Spellcasting
  1475 | D:2      | Reached XP level 4. HP: 14/24 MP: 7/12
  1475 | D:2      | Reached XP level 5. HP: 17/28 MP: 7/13
  2099 | D:3      | Found a hide-covered altar of Uskayaw.
  2572 | D:3      | Found a snail-covered altar of Cheibriados.
  2750 | D:3      | Learned a level 3 spell: Stone Arrow
  2755 | D:3      | Learned a level 4 spell: Petrify
  2760 | D:3      | Learned a level 4 spell: Brom's Barrelling Boulder
  3010 | D:3      | Reached XP level 6. HP: 32/32 MP: 12/14
  3183 | D:4      | Reached skill level 1 in Conjurations
  3242 | D:4      | Reached skill level 5 in Spellcasting
  3453 | D:4      | Reached XP level 7. HP: 33/37 MP: 11/16
  3911 | D:4      | Noticed a steam dragon
  3927 | D:4      | Killed a steam dragon
  3928 | D:4      | Reached skill level 1 in Fighting
  3928 | D:4      | Reached skill level 5 in Earth Magic
  4150 | D:4      | Noticed Grinder
  4153 | D:4      | Killed Grinder
  4154 | D:4      | Reached skill level 6 in Spellcasting
  4335 | D:5      | Entered Level 5 of the Dungeon
  4336 | D:5      | Found a radiant altar of Vehumet.
  4343 | D:5      | Reached skill level 5 in Stealth
  4345 | D:5      | Became a worshipper of Vehumet
  4378 | D:5      | Reached XP level 8. HP: 43/43 MP: 12/19
  4531 | D:5      | Found a stormy altar of Qazlal.
  4711 | D:5      | Reached skill level 5 in Dodging
  4786 | D:5      | Found Hair Sule's Weapon Shop.
  4988 | D:5      | Found a staircase to the Ecumenical Temple.
  5225 | D:6      | Found a glowing silver altar of Zin.
  5401 | D:6      | Reached * piety under Vehumet
  5401 | D:6      | Offered knowledge of Shock by Vehumet.
  5587 | D:6      | Found a sparkling altar of Nemelex Xobeh.
  5681 | D:6      | Learned a level 5 spell: Lee's Rapid Deconstruction
  5682 | D:6      | Found a runed translucent door.
  5686 | D:6      | Noticed PowderKeg's ghost (weakling FeDe)
  5739 | D:6      | Reached skill level 7 in Spellcasting
  5833 | D:6      | Noticed Blork the orc
  5837 | D:6      | Killed Blork the orc
  6172 | D:6      | Killed PowderKeg's ghost
  6211 | D:6      | Identified a scroll of acquirement
  6213 | D:6      | Identified the of Rait (You acquired it on level 6 of the
                  | Dungeon)
  6213 | D:6      | Acquired a staff of earth
  6241 | D:7      | Found an opulent altar of Gozag.
  6376 | D:7      | Reached XP level 9. HP: 49/49 MP: 12/22
  6383 | D:7      | Learned a level 6 spell: Bombard
  6481 | D:7      | Identified the "Param" (You acquired it on level 7 of the
                  | Dungeon)
  6481 | D:7      | Acquired 865 gold pieces
  6483 | D:7      | Acquired the +2 pair of gloves of Ithrem {Fly rF+ MP+9
                  | Int-2}
  6490 | D:7      | Acquired the +2 cloak of Exiasub {rPois Regen+ Str-2 Dex+5}
  6685 | D:7      | Found Kithrup's Self-Published Books.
  6748 | D:7      | Reached skill level 5 in Conjurations
  6926 | D:8      | Offered knowledge of Kiss of Death by Vehumet.
  6927 | D:8      | Reached ** piety under Vehumet
  6930 | D:8      | Reached skill level 8 in Spellcasting
  6936 | D:8      | Reached skill level 1 in Armour
  6936 | D:8      | Reached skill level 5 in Transmutations
  7171 | D:8      | Found a staircase to the Lair.
  7352 | D:8      | Reached XP level 10. HP: 56/56 MP: 24/24
  7547 | D:8      | Reached skill level 9 in Spellcasting
  7612 | D:8      | Offered knowledge of Poisonous Vapours by Vehumet.
  7687 | D:8      | Reached *** piety under Vehumet
  8355 | D:9      | Noticed a two-headed ogre
  8410 | D:9      | Killed a two-headed ogre
  8569 | D:9      | Noticed Harold
  8582 | D:9      | Reached skill level 10 in Spellcasting
  8717 | D:9      | Killed Harold
  8737 | D:9      | Offered knowledge of Frozen Ramparts by Vehumet.
  8765 | D:9      | Reached XP level 11. HP: 57/60 MP: 18/27
  9304 | D:9      | Found a broken altar of Ashenzari.
  9479 | D:9      | Reached **** piety under Vehumet
  9616 | D:10     | Entered Level 10 of the Dungeon
  9643 | D:10     | Found a flagged portal.
  9652 | Bailey   | Entered a bailey
  9661 | Bailey   | Offered knowledge of Sticky Flame by Vehumet.
  9908 | Bailey   | Noticed an orc knight
  9944 | Bailey   | Killed an orc knight
 10127 | Bailey   | Noticed an orc knight
 10135 | Bailey   | Killed an orc knight
 10755 | D:10     | Found a shimmering altar of Xom.
 11081 | D:10     | Learned a level 4 spell: Iskenderun's Mystic Blast
 11086 | D:10     | Learned a level 4 spell: Leda's Liquefaction
 11138 | D:11     | Reached skill level 11 in Spellcasting
 11235 | D:11     | Noticed Urug
 11357 | D:11     | Noticed a centaur warrior
 11413 | D:11     | Reached skill level 1 in Hexes
 11419 | D:11     | Killed Urug
 11420 | D:11     | Reached skill level 1 in Translocations
 11460 | D:11     | Noticed Maurice
 11474 | D:11     | Something stole an orb of light
 11475 | D:11     | Something stole a +0 hand axe of venom
 11476 | D:11     | Something stole 669 gold
 11477 | D:11     | Killed Maurice
 11793 | D:11     | Noticed Psyche
 11798 | D:11     | Killed Psyche
 11816 | D:11     | Killed a centaur warrior
 12210 | D:11     | Reached XP level 12. HP: 67/67 MP: 16/29
 12561 | D:12     | Noticed a centaur warrior
 12563 | D:12     | Killed a centaur warrior
 12563 | D:12     | Reached ***** piety under Vehumet
 12563 | D:12     | Offered knowledge of Arcjolt by Vehumet.
 12564 | D:12     | Reached skill level 10 in Earth Magic
 12568 | D:12     | Learned a level 3 spell: Tukima's Dance
 12581 | D:12     | Noticed a boulder beetle
 12587 | D:12     | Noticed a two-headed ogre
 12815 | D:12     | Noticed a two-headed ogre
 12819 | D:12     | Killed a two-headed ogre
 12925 | D:12     | Found Ziats's Armour Shop.
 12926 | D:12     | Found a staircase to the Orcish Mines.
 13278 | D:12     | Found Kebef's Weapon Shop.
 13397 | D:12     | Reached skill level 12 in Spellcasting
 13484 | D:12     | Noticed a two-headed ogre
 13494 | D:12     | Killed a two-headed ogre
 13600 | D:12     | Reached skill level 5 in Fighting
 13710 | D:12     | Noticed a boulder beetle
 14057 | D:12     | Killed a boulder beetle
 14379 | D:12     | Killed a two-headed ogre
 14720 | D:12     | Killed a boulder beetle
 14835 | D:12     | Reached skill level 10 in Conjurations
 14837 | D:12     | Reached XP level 13. HP: 72/72 MP: 30/31
 15581 | D:13     | Reached skill level 13 in Spellcasting
 16242 | D:14     | Noticed a minotaur
 16252 | D:14     | Killed a minotaur
 16498 | D:14     | Identified the blade talisman "Vyur Mong" {Stlth+}
 16564 | D:14     | Reached skill level 5 in Hexes
 16884 | D:14     | Found the +18 Lear's hauberk
 16980 | D:14     | Reached skill level 5 in Armour
 17168 | D:14     | Offered knowledge of Orb of Destruction by Vehumet.
 17539 | D:14     | Found an ancient bone altar of Kikubaaqudgha.
 17831 | D:14     | Found a gate to the Vaults.
 17853 | D:15     | Entered Level 15 of the Dungeon
 17905 | D:15     | Reached skill level 10 in Stealth
 17905 | D:15     | Reached XP level 14. HP: 79/79 MP: 24/33
 18307 | D:15     | Reached skill level 14 in Spellcasting
 18909 | D:14     | Reached skill level 5 in Translocations
 19341 | Lair:1   | Entered Level 1 of the Lair of Beasts
 20725 | Lair:2   | Reached skill level 10 in Dodging
 21001 | Lair:2   | Found a staircase to the Swamp.
 21009 | Lair:2   | Found a broken altar of Ashenzari.
 21513 | Lair:2   | Found a hole to the Spider Nest.
 21904 | Lair:3   | Offered knowledge of Fireball by Vehumet.
 23236 | Lair:4   | Reached skill level 15 in Spellcasting
 23255 | Lair:4   | Reached XP level 15. HP: 84/84 MP: 8/36
 23769 | Lair:4   | Found the +0 pair of fencer's gloves {Riposte Dex+3}
 24172 | Lair:4   | Found a viscous altar of Jiyva.
 24172 | Lair:4   | Found a staircase to the Slime Pits.
 24427 | Lair:5   | Entered Level 5 of the Lair of Beasts
 24894 | Lair:5   | Reached ****** piety under Vehumet
 24894 | Lair:5   | Offered knowledge of Iskenderun's Battlesphere by Vehumet.
 25297 | Lair:5   | Identified the +0 hand axe "Concordance" {freeze, rElec rC-
                  | Int+4}
 25420 | Lair:5   | Found a runed translucent door.
 25512 | Lair:5   | Paralysed by a hornet for 1 turns
 25532 | Lair:5   | Paralysed by a hornet for 1 turns
 27046 | Lair:5   | Upgraded the game from 0.31-a0-960-g0fca184906 to
                  | 0.31-a0-963-ga325b2283a
 27272 | Orc:1    | Entered Level 1 of the Orcish Mines
 27706 | Orc:2    | Entered Level 2 of the Orcish Mines
 28124 | Orc:2    | Found Wofuek's Magic Scroll Shoppe.
 28132 | Orc:2    | Bought a scroll of teleportation for 39 gold pieces
 28132 | Orc:2    | Bought a scroll of teleportation for 39 gold pieces
 28136 | Orc:2    | Bought a scroll of silence for 123 gold pieces
 28345 | Orc:2    | Offered knowledge of Eringya's Noxious Bog by Vehumet.
 28830 | Orc:2    | Found Efesalor's Antique Armour Shop.
 28853 | Orc:2    | Found Koaged's Jewellery Shop.
 28893 | Orc:2    | Found Ileafiel's General Store.
 28909 | Orc:2    | Found Yraasiut's Antique Weapon Shop.
 28943 | Orc:2    | Found a staircase to the Elven Halls.
 28976 | Orc:2    | Noticed Nessos
 28980 | Orc:2    | Killed Nessos
 29246 | Orc:2    | Bought the +2 hood of the Assassin {Detect Stab+ Stlth++}
                  | for 2400 gold pieces
 29246 | Orc:2    | Found the +2 hood of the Assassin {Detect Stab+ Stlth++}
 29522 | Orc:1    | Noticed Erica
 29528 | Orc:1    | Killed Erica
 30309 | Swamp:1  | Entered Level 1 of the Swamp
 30785 | Swamp:1  | Reached skill level 16 in Spellcasting
 31054 | Swamp:1  | Reached XP level 16. HP: 92/92 MP: 38/38
 31554 | Swamp:2  | Offered knowledge of Plasma Beam by Vehumet.
 32266 | Swamp:2  | Acquired 460 gold pieces
 32588 | Swamp:3  | Noticed a thorn hunter
 32597 | Swamp:3  | Killed a thorn hunter
 32945 | Swamp:3  | Noticed Jorgrun
 32950 | Swamp:3  | Killed Jorgrun
 33224 | Swamp:3  | Noticed a thorn hunter
 33228 | Swamp:3  | Killed a thorn hunter
 33400 | Swamp:4  | Entered Level 4 of the Swamp
 33477 | Swamp:4  | Reached skill level 10 in Transmutations
 33831 | Swamp:4  | Paralysed by a fenstrider witch for 2 turns
 33908 | Swamp:4  | Offered knowledge of Conjure Ball Lightning by Vehumet.
 34185 | Swamp:4  | Reached skill level 17 in Spellcasting
 34621 | Swamp:4  | Reached XP level 17. HP: 97/97 MP: 33/40
 34772 | Swamp:4  | Got a decaying rune of Zot
 34895 | Spider:1 | Entered Level 1 of the Spider Nest
 36175 | Spider:1 | Offered knowledge of Lehudib's Crystal Spear by Vehumet.
 36175 | Spider:1 | Offered knowledge of Fire Storm by Vehumet.
 36175 | Spider:1 | Offered knowledge of Polar Vortex by Vehumet.
 36195 | Spider:1 | Learned a level 8 spell: Lehudib's Crystal Spear
 36535 | Spider:2 | Reached skill level 1 in Fire Magic
 36550 | Spider:2 | Reached skill level 15 in Earth Magic
 37068 | Spider:2 | Reached skill level 1 in Maces & Flails
 37554 | Spider:2 | Learned a level 3 spell: Gell's Gravitas
 37559 | Spider:2 | Learned a level 4 spell: Flame Wave
 37607 | Spider:3 | Identified the +0 ring mail of Weak Intercession {Str+8}
 37648 | Spider:3 | Reached skill level 10 in Hexes
 38187 | Spider:3 | Reached skill level 18 in Spellcasting
 39222 | Spider:4 | Entered Level 4 of the Spider Nest
 39241 | Spider:4 | Reached XP level 18. HP: 103/103 MP: 34/42
 39922 | Spider:4 | Reached skill level 15 in Conjurations
 40064 | Spider:4 | Noticed Kirke
 40068 | Spider:4 | Killed Kirke
 40169 | Spider:4 | Identified the +0 hat "Lidoetip" {rCorr Int+2}
 40172 | Spider:4 | Got a gossamer rune of Zot
 40209 | Spider:4 | Lost strength.
 40824 | D:15     | Reached skill level 5 in Fire Magic
 40931 | D:15     | Found a staircase to the Depths.
 41181 | D:15     | Found a broken altar of Ashenzari.
 41250 | D:15     | Learned a level 5 spell: Yara's Violent Unravelling
 41278 | Vaults:1 | Entered Level 1 of the Vaults
 41754 | Vaults:1 | Noticed a lich
 41758 | Vaults:1 | Killed a lich
 41769 | Vaults:1 | Noticed a caustic shrike
 41771 | Vaults:1 | a caustic shrike changed into an acid blob
 42101 | Vaults:1 | Identified the serpent talisman of Weirdness {rPois rC-
                  | Stlth+}
 42101 | Vaults:1 | Noticed Aizul
 42106 | Vaults:1 | Killed Aizul
 42138 | Vaults:1 | Found Ytaac's Distillery.
 42143 | Vaults:1 | Bought a potion of resistance for 220 gold pieces
 42143 | Vaults:1 | Bought 2 potions of heal wounds for 220 gold pieces
 42143 | Vaults:1 | Bought a potion of resistance for 220 gold pieces
 42143 | Vaults:1 | Bought a potion of curing for 66 gold pieces
 42736 | Vaults:2 | Reached skill level 19 in Spellcasting
 42856 | Vaults:2 | Reached XP level 19. HP: 80/108 MP: 22/44
 42871 | Vaults:2 | HP: 2/108 [dire elephant (23)]
 43079 | Vaults:2 | Noticed Boris
 43094 | Vaults:2 | Killed Boris
 43298 | Vaults:2 | Noticed Mennas
 43903 | Vaults:2 | Found a staircase to the Crypt.
 44373 | Vaults:2 | Learned a level 9 spell: Shatter
 45768 | Vaults:3 | Reached skill level 20 in Spellcasting
 45951 | Vaults:4 | Reached skill level 10 in Translocations
 45952 | Vaults:4 | Reached XP level 20. HP: 116/116 MP: 41/46
 46089 | Vaults:4 | Noticed Zenata
 46107 | Vaults:4 | Killed Zenata
 46700 | Vaults:4 | Found Uzukh's Armour Boutique.
 47772 | Crypt:3  | Identified the "Edasho"
 47772 | Elf:1    | Entered Level 1 of the Elven Halls
 48049 | Elf:1    | Paralysed by an air elemental for 1 turns
 48156 | Elf:1    | Reached skill level 10 in Fire Magic
 48737 | Elf:1    | Found Myishuha's Jewellery Boutique.
 49232 | Elf:2    | Found a radiant altar of Vehumet.
 49314 | Elf:2    | Found a flickering gateway to a bazaar.
 49336 | Bazaar   | Entered a bazaar
 49340 | Bazaar   | Found Koli's Weapon Boutique.
 49362 | Bazaar   | Found Romeech's Antique Weapon Emporium.
 49383 | Bazaar   | Found Hamyagh's Assorted Antiques.
 49405 | Bazaar   | Found Uloq's Weapon Shoppe.
 49448 | Bazaar   | Bought a scroll of blinking for 105 gold pieces
 49448 | Bazaar   | Bought a runed tower shield for 105 gold pieces
 49448 | Bazaar   | Bought a potion of brilliance for 56 gold pieces
 49463 | Bazaar   | Bought a crystal short sword for 168 gold pieces
 49463 | Bazaar   | Identified the +10 short sword "Zokaekug" {antimagic,
                  | Dex+3} (You bought it in a shop in a bazaar)
 49463 | Bazaar   | Bought a crystal mace for 168 gold pieces
 49463 | Bazaar   | Identified the +10 mace "Fatur" {freeze, rPois rC- rN+++
                  | Dex+3} (You bought it in a shop in a bazaar)
 49504 | Elf:2    | Reached skill level 1 in Shields
 49634 | Elf:2    | Reached skill level 5 in Maces & Flails
 49734 | Elf:2    | Reached XP level 21. HP: 121/121 MP: 42/47
 50076 | Elf:2    | Reached skill level 10 in Fighting
 50076 | Elf:2    | Reached skill level 21 in Spellcasting
 50192 | Elf:2    | Found a runed translucent gate.
 50193 | Elf:2    | Found a runed translucent gate.
 50198 | Elf:2    | Found a runed translucent gate.
 50904 | Elf:3    | Identified the of Xahoss Fote
 50904 | Elf:3    | Identified the "Luaq"
 50904 | Elf:3    | Identified the "Xuoniciz"
 50904 | Elf:3    | Entered Level 3 of the Elven Halls
 51354 | Abyss:2  | Cast into level 2 of the Abyss (a deep elf demonologist)
 51420 | Elf:3    | Escaped the Abyss
 51421 | Elf:3    | Identified the +2 leather armour of Resilience {rN+}
 51529 | Elf:3    | Identified the amulet "Pueje" {Spirit rF+++}
 52115 | Elf:3    | Identified the +2 pair of boots of the Fife {rC+ Will-
                  | MP+9}
 52157 | Elf:3    | Identified the +5 orcbow "Raisin" {flame, Dex+4}
 52166 | Elf:3    | Identified the +0 plate armour of the Jabberwock {Dex+4}
 52684 | Depths:1 | Entered Level 1 of the Depths
 52833 | Depths:1 | Noticed Boris
 52855 | Depths:1 | Killed Boris
 52886 | Depths:1 | Reached XP level 22. HP: 120/128 MP: 49/49
 53014 | Depths:1 | Learned a level 8 spell: Ignition
 53216 | Depths:1 | Found a one-way gate leading to the halls of Pandemonium.
 53480 | Depths:1 | Found a gateway to Hell.
 53608 | Depths:1 | Found a one-way gateway to a ziggurat.
 53688 | Depths:1 | Identified the +3 double sword of the Realm of Zot
                  | {antimagic, rPois rCorr Str+5}
 53688 | Depths:1 | Identified the +6 double sword "Tuguatsa" {speed, Stlth+}
 53770 | Depths:1 | Reached skill level 5 in Shields
 54086 | Depths:2 | Reached skill level 22 in Spellcasting
 54270 | Depths:2 | Found a one-way gate to the infinite horrors of the Abyss.
 54503 | Depths:2 | Found the +8 demon trident "Rift" {distort, reach+}
 54510 | Depths:2 | Noticed Nabras's ghost (veteran GnWn)
 54531 | Depths:2 | Found a transporter.
 55038 | Depths:2 | Reached skill level 10 in Armour
 56136 | Depths:3 | Noticed a caustic shrike
 56140 | Depths:3 | Killed a caustic shrike
 56506 | Depths:3 | Identified the +4 eveningstar "Painuth" {pain, rElec
                  | Will+++ Stlth+}
 56917 | Depths:4 | Entered Level 4 of the Depths
 56925 | Depths:4 | Reached XP level 23. HP: 133/133 MP: 51/51
 56961 | Depths:4 | Noticed Boris
 56967 | Depths:4 | Killed Boris
 56968 | Depths:4 | Reached skill level 15 in Dodging
 57595 | Depths:4 | Noticed Parghit
 57847 | Depths:4 | Found Azxas's Magic Scroll Emporium.
 57973 | Depths:4 | Found a gate to the Realm of Zot.
 58674 | Vaults:5 | Entered Level 5 of the Vaults
 59089 | Vaults:4 | Reached skill level 23 in Spellcasting
 59438 | Vaults:5 | Learned a level 2 spell: Blink
 59451 | Vaults:5 | Noticed an ancient lich
 59456 | Vaults:5 | Killed an ancient lich
 59627 | Vaults:5 | Identified the ring of Twilight {Fly rPois Dex+6}
 59777 | Vaults:5 | Noticed a dread lich
 59784 | Vaults:5 | Killed a dread lich
 59785 | Vaults:5 | Reached XP level 24. HP: 131/140 MP: 25/52
 59811 | Vaults:5 | Noticed an ancient lich
 59977 | Vaults:5 | Got a silver rune of Zot
 60236 | Vaults:5 | Identified the +0 leather armour of the Vacuum {+Inv rN++
                  | rCorr}
 60240 | Vaults:5 | Identified the +7 flail "Iclux" {drain, Int+3}
 60475 | Vaults:5 | Identified the +0 chain mail of the Land of Plenty {Contam
                  | Regen+ Int+5}
 60560 | Vaults:5 | Identified the +11 trident of Revolt {flame, rF- rC+ Str+3
                  | Dex+2}
 60589 | Vaults:5 | Identified the amulet of Nauwk {*Corrode Regen+ Int+5}
 60593 | Vaults:5 | Killed an ancient lich
 60619 | Vaults:5 | Identified the +0 robe "Moopupn" {rC++ Str+6 Int-4}
 60641 | Vaults:5 | Reached skill level 1 in Evocations
 60641 | Vaults:5 | Reached XP level 25. HP: 145/145 MP: 52/52
 60642 | Vaults:5 | Identified the staff of the Sage {rF- rCorr Int+8 Earth}
 60821 | Vaults:5 | Identified the +0 cloak of Nycrilea {Str+3}
 60854 | Vaults:5 | Identified the +4 hand axe "Hulk" {freeze, Fly rCorr}
 61340 | Zot:1    | Entered Level 1 of the Realm of Zot
 61505 | Zot:1    | Acquired the ring of Xyixyowk {EV+5 Dex+2 Slay+2}
 61506 | Zot:1    | Identified the of Guykeog (You acquired it on level 1 of
                  | the Realm of Zot)
 61506 | Zot:1    | Acquired the Vellum of Doom and the Graveyard
 61515 | Zot:1    | Learned a level 6 spell: Dispersal
 62781 | Zot:2    | Identified the +4 ring mail of Feer Una {*Corrode rF+
                  | Dex+3}
 63047 | Zot:2    | Identified the +5 war axe of Teilyep {spect, rC+ Int+2
                  | Dex+2}
 63261 | Zot:3    | Noticed a Killer Klown
 63462 | Zot:3    | Killed a Killer Klown
 63708 | Zot:3    | Reached skill level 15 in Fire Magic
 64222 | Zot:3    | Noticed an orb of fire
 64229 | Zot:3    | Killed an orb of fire
 64249 | Zot:3    | Reached skill level 24 in Spellcasting
 65159 | Zot:4    | Reached XP level 26. HP: 141/151 MP: 53/53
 65614 | Zot:5    | Entered Level 5 of the Realm of Zot
 65799 | Zot:5    | Identified the +4 halberd of Peril {spect, rElec Str+2}
 66058 | Zot:5    | Noticed an ancient lich
 66060 | Zot:5    | Killed an ancient lich
 66197 | Zot:5    | Noticed an orb of fire
 66200 | Zot:5    | Killed an orb of fire
 66555 | Zot:5    | Noticed an orb of fire
 66563 | Zot:5    | Killed from afar by a purple draconian shifter

Illustrated notes

Levels and vault maps discovered:
D:1:      tarquinn_simple_flora_water_f, layout_basic
D:2:      layout_loops_ring, uniq_sigmund
D:3:      layout_loops_corners, eat_drink_and_be_merry_uskayaw,
          mainiacjoe_overflow_alcove_2, dk_noncrumbling_2
D:4:      layout_loops_ring, nrook_mini_vaults, minmay_statues_item,
          chequers_serial_rivers_micro_a, kennysheep_generic_room_3,
          uniq_grinder
D:5:      layout_gridville, vehumet_statue, general_overflow_altar,
          minmay_temple_entry_hall, serial_shops, shop
D:6:      layout_basic, mainiacjoe_overflow_24_doors,
          nemelex_spade_bored_becter, ebering_ghost_reflecting_pool,
          uniq_blork_the_orc
D:7:      layout_rooms, grunt_gozag_breadcrumbs, nicolae_custom_books
D:8:      layout_basic, dpeg_oklobed_lair, serial_ice, serial_ice_m,
          serial_ice_b, serial_ice_k, serial_ice_g, serial_ice_a, serial_ice_c,
          serial_ice_f
D:9:      layout_big_octagon, lemuel_doored_altar, serial_bayou,
          serial_bayou_pond_b, serial_bayou_crossing, serial_bayou_ford_a,
          serial_bayou_pond_e, minmay_unpleasant_kobolds, uniq_harold
D:10:     layout_irregular_city, led_xom_imps, enter_bailey_2
D:11:     layout_layer_cave, amcnicky_mini_rare_corridor_liquid, fountainhead,
          roderic_roman_lattice, uniq_urug, uniq_psyche, uniq_maurice
D:12:     nzn_winding_woodlands_small [nzn_winding_woodlands_5x15_eye,
          nzn_winding_woodlands_center_garden,
          nzn_winding_woodlands_5x15_split_checker], layout_basic, orc_david_3,
          drop_trap, minmay_circle_x
D:13:     layout_small_grid, minmay_statue_bubble
D:14:     layout_small_grid, hellmonk_vaults_keyhole, kiku_gazebo_garden_becter,
          hellmonk_guarded_unrand_lears
D:15:     hangedman_depths_entry_civil_slaughter, layout_rooms,
          ashenzari_conservatory_becter
Lair:1:   layout_chaotic_city, lemuel_fruit_fields, serial_bayou_shore_b
Lair:2:   layout_cave_pods, skrybe_swamp_entry_bodies,
          spider_nest_entry_funnel_web, basic_altar
Lair:3:   layout_small_grid, minivault_11, grunt_megastairs_3, lemuel_fruit_tree
Lair:4:   layout_gridlike, slime_entry_2, grunt_megastairs_2
Lair:5:   hangedman_lair_tendril_chambers, layout_long_grid, wormcave,
          grunt_forest_small_clearing_treed, infiniplex_staircase_pool_2
Swamp:1:  layout_basic_swamp, serial_swamp_ruin, evilmike_swamp_ruin_rubble_1,
          evilmike_swamp_ruin_house_6, nicolae_swamp_oklob_treasure_island
Swamp:2:  layout_falls_marsh, hangedman_swamp_cone
Swamp:3:  nicolae_swamp_ascending_descending_big, layout_falls_marsh,
          nicolae_swamp_very_dense_foliage, uniq_jorgrun
Swamp:4:  swamp_alternative, layout_basic_swamp, swamp_pool4,
          nicolae_swamp_spooky_pond
Spider:1: layout_spider_delve, drop_trap
Spider:2: layout_spider_delve, worms_lemuel
Spider:3: layout_chambers, special_room [special_room_bee], nicolae_spider_nook
Spider:4: grunt_spider_rune_parallel, uniq_kirke
Orc:1:    layout_caves, basic_altar, uniq_erica
Orc:2:    grunt_orc_cross, layout_diamond_mine, serial_shops,
          nicolae_shop_trees, uniq_nessos
Elf:1:    layout_gridlike, serial_shops, shop, minivault_28,
          lemuel_flamethrower_3, roderic_lattice_octagonal_star
Elf:2:    nicolae_elf_blades_splatter_lattice
          [nicolae_vaults_blade_armed_guards], layout_gridlike, serial_shops,
          bzr_entry_water, lemuel_upstairs_altar
Elf:3:    grunt_elf_hall_spiral, layout_geoelf_octagon, minmay_elf_sorcery
Vaults:1: v_misc_14, ontoclasm_vaults_ring_square, st_star,
          nicolae_vaults_trapezoid_3, nicolae_vaults_turnstiles,
          ontoclasm_vaults_gateway, nicolae_vaults_house_2,
          layout_vaults_quadrants, serial_shops, nicolae_shop_hallway_stairs,
          uniq_aizul
Vaults:2: v_misc_29, nicolae_vaults_trapezoid_lopsided_2, v_rooms_6,
          minmay_crypt_entry_simple_plaza, vaults_room_glass_cross,
          nicolae_vaults_diagonal_hallway_7, ontoclasm_vaults_chip,
          nicolae_vaults_closet_pinwheel_4, nicolae_vaults_apartment_2,
          nicolae_vaults_heart-shaped_vault, nicolae_vaults_trapezoid_4,
          layout_vaults_maze_bifur, uniq_boris, uniq_mennas
Vaults:3: v_misc_18, v_misc_8, v_misc_30, hangedman_vaults_trim,
          nicolae_vaults_sightless_eye, nicolae_vaults_closet_pinwheel_3,
          nicolae_vaults_weapon_check, nicolae_vaults_house_2,
          nicolae_vaults_shipping_containers_7,
          nicolae_vaults_storage_room_statues, layout_vaults_omnicross
Vaults:4: nicolae_vaults_closet_pinwheel_6, v_pattern_2, ontoclasm_vaults_eye,
          v_misc_10, vaults_mumra_hexcomb, st_cells, nicolae_vaults_big_ls,
          vaults_dpeg_ring, v_misc_8, ontoclasm_vaults_decontamination,
          layout_vaults_big_room, serial_shops, shop, uniq_zenata
Vaults:5: serial_shops
Depths:1: minmay_the_grid_square_5x5_3x3 [minmay_the_grid_square_5x5_trominoes,
          minmay_the_grid_square_5x5_shrine2,
          minmay_the_grid_square_5x5_bracketed,
          minmay_the_grid_square_5x5_tri_point,
          minmay_the_grid_square_5x5_megaprize_crossed,
          minmay_the_grid_square_5x5_three_walls,
          minmay_the_grid_square_5x5_checkered_sparse,
          minmay_the_grid_square_5x5_empty, minmay_the_grid_square_5x5_dogpile],
          layout_gridlike, enter_ziggurat_d, pan_entry, hellmouth_3,
          grunt_decor_mini_mirrors, nicolae_rock_paper_scissors
Depths:2: minmay_blocking_statues, layout_cave_pools, hell_entry,
          abyss_entry_crystal, gammafunk_ghost_abyssal_escape,
          grunt_pan_entry_in_and_out
Depths:3: kennysheep_large_spiral, layout_gridlike, minmay_room_of_horrors,
          infiniplex_staircase_x, grunt_hell_entry_dis_grunt,
          hangedman_decor_lopped
Depths:4: evilmike_zot_entry_diamond, layout_gridville, nicolae_cairo_tiling,
          pf_dread_powers_of_hell, serial_shops, nicolae_shop_stone,
          uniq_parghit
Zot:1:    layout_misc_corridors, hangedman_zot_decor_slant, grunt_megastairs_4
Zot:2:    layout_twisted_circle, hangedman_zot_gyre
Zot:3:    grunt_zot_stairs_mandelzot, layout_cathedral_of_symmetry
Zot:4:    layout_cellular_growth, regret_index_zotdec_onion_hex
Zot:5:    layout_misc_corridors

Skill      XL: |  1  2  3  4  5  6  7  8  9 10 11 12 13 14 15 16 17 18 19 20 21 22 23 24 25 26 |
---------------+-------------------------------------------------------------------------------+-----
Stealth        | 3 4 5 6 7 8 9 10 11 12 | 12.0
Dodging        | 3 4 5 6 7 8 9 10 11 12 13 14 15 16 | 16.3
Spellcasting   | 4 5 6 7 8 10 11 12 13 15 16 17 18 19 20 21 22 23 24 | 24.4
Transmutations | 2 3 4 5 6 7 8 9 10 11 | 11.0
Earth Magic    | 4 5 6 7 8 9 10 11 12 13 14 15 16 17 18 19 20 21 | 21.0
Conjurations   | 1 3 4 6 7 8 10 11 12 13 14 15 16 17 18 19 20 | 20.5
Fighting       | 1 2 3 4 5 6 7 8 9 10 11 | 11.8
Armour         | 1 2 3 4 5 6 7 8 9 10 11 | 11.2
Hexes          | 2 4 5 7 8 9 10 11 12 | 12.3
Translocations | 1 3 4 5 6 7 8 9 10 | 10.0
Fire Magic     | 4 6 8 10 11 12 14 15 | 15.7
Maces & Flails | 1 3 4 5 6 7 |  7.9
Shields        | 1 4 6 7 8 9 |  9.0
Evocations     | 1 3 4 |  4.2

Action                     |  1- 3 |  4- 6 |  7- 9 | 10-12 | 13-15 | 16-18 | 19-21 | 22-24 | 25-27 || total
---------------------------+-------+-------+-------+-------+-------+-------+-------+-------+-------++-------
  Melee: Unarmed           |     3 |       |       |       |       |       |       |       |       ||     3
         Staff             |       |       |     3 |     2 |    11 |     7 |     1 |     2 |       ||    26
         Eveningstar       |       |       |       |       |       |     3 |       |       |       ||     3
  Throw: Dart              |       |       |     1 |       |       |       |       |       |       ||     1
   Cast: Sandblast         |    52 |    69 |   106 |    57 |    67 |     6 |     1 |       |       ||   358
         Stone Arrow       |       |       |    45 |   187 |   415 |   303 |    29 |     7 |       ||   986
         Petrify           |       |       |     1 |     3 |     2 |       |       |       |       ||     6
         Lee's Rapid Decon |       |       |     6 |   106 |   318 |   271 |   443 |   275 |    65 ||  1484
         Brom's Barrelling |       |       |     2 |     1 |     3 |       |     2 |       |       ||     8
         Bombard           |       |       |       |     9 |    34 |   237 |   238 |   112 |   115 ||   745
         Iskenderun's Myst |       |       |       |     1 |     3 |    38 |     5 |    12 |       ||    59
         Tukima's Dance    |       |       |       |       |     2 |       |     7 |     8 |     1 ||    18
         Leda's Liquefacti |       |       |       |       |     1 |     1 |       |       |       ||     2
         Lehudib's Crystal |       |       |       |       |       |    10 |    29 |   146 |   122 ||   307
         Gell's Gravitas   |       |       |       |       |       |     5 |     5 |     3 |     1 ||    14
         Yara's Violent Un |       |       |       |       |       |       |     2 |    14 |       ||    16
         Ignition          |       |       |       |       |       |       |       |    29 |     8 ||    37
         Shatter           |       |       |       |       |       |       |       |     3 |     5 ||     8
         Blink             |       |       |       |       |       |       |       |       |     2 ||     2
  Evoke: Wand              |       |       |       |     2 |       |     8 |     6 |     1 |       ||    17
         Tin of tremorston |       |       |       |       |       |       |     2 |       |       ||     2
         Lightning rod     |       |       |       |       |       |       |       |       |     1 ||     1
    Use: Potion            |     1 |       |     1 |     3 |     2 |     1 |     7 |     2 |     1 ||    18
         Scroll            |     1 |       |    16 |     5 |    16 |     4 |    15 |     1 |     7 ||    65
 Armour: Robe              |    14 |    26 |    41 |     4 |       |       |       |       |       ||    85
         Acid dragon scale |       |       |       |    86 |   172 |   318 |   186 |    43 |       ||   805
         Quicksilver drago |       |       |       |       |       |       |       |   106 |   105 ||   211
  Dodge: Dodged            |    24 |    11 |    39 |    58 |   156 |   195 |   104 |    61 |    60 ||   708
  Block: Buckler           |       |       |       |       |       |       |     7 |    27 |    24 ||    58

Table legend: (Time is in decaauts)
 A = Elapsed time spent in this place.
 B = Non-inter-level travel time spent in this place.
 C = Inter-level travel time spent in this place.
 D = Time resting spent in this place.
 E = Time spent auto-exploring this place.
 F = Levels seen in this place.
 G = Mean time per level.
                   A        B        C        D        E       F      G
               +--------+--------+--------+--------+--------+-----+--------+
         Total |  67252 |  62765 |   4487 |   4064 |  47921 |  50 | 1345.0 |
       Dungeon |  20836 |  19155 |   1681 |   1685 |  14718 |  15 | 1389.1 |
          Lair |   8253 |   7766 |    487 |    337 |   6498 |   5 | 1650.6 |
         Swamp |   4542 |   4360 |    182 |     72 |   3592 |   4 | 1135.5 |
   Spider Nest |   5584 |   5262 |    322 |     53 |   4247 |   4 | 1396.0 |
  Orcish Mines |   2575 |   2409 |    166 |     72 |   1906 |   2 | 1287.5 |
   Elven Halls |   4455 |   4203 |    252 |    250 |   2965 |   3 | 1485.0 |
        Vaults |   9038 |   8437 |    601 |    798 |   5900 |   5 | 1807.6 |
        Depths |   6182 |   5681 |    501 |    654 |   3822 |   4 | 1545.5 |
           Zot |   4993 |   4701 |    292 |    141 |   3721 |   5 |  998.6 |
         Abyss |     65 |     65 |      0 |      0 |      0 |   1 |   65.0 |
        Bazaar |    154 |    154 |      0 |      0 |     86 |   1 |  154.0 |
        Bailey |    571 |    571 |      0 |      2 |    464 |   1 |  571.0 |
               +--------+--------+--------+--------+--------+-----+--------+

Top non-repeatable levels by time:
    D:14: 3072 daAuts
    D:12: 2791 daAuts
  Lair:5: 2689 daAuts
Depths:3: 2427 daAuts
Vaults:4: 2023 daAuts
Vaults:5: 1970 daAuts
   Orc:2: 1836 daAuts
Spider:1: 1819 daAuts
Vaults:1: 1813 daAuts
Vaults:3: 1706 daAuts
   Elf:2: 1703 daAuts
Spider:3: 1650 daAuts
    D:11: 1628 daAuts
Depths:1: 1599 daAuts
Vaults:2: 1524 daAuts
